 Dungeon Crawl Stone Soup version 0.28-a0-503-g83f2989fac (webtiles) character file.

Game seed: 16576580379819242024

5944 siradein the Basher (level 10, -9/59 HPs)
             Began as a Gargoyle Fighter on Sept 21, 2021.
             Was an Initiate of Gozag.
             Mangled by Snorg (13 damage)
             ... on level 10 of the Dungeon.
             The game lasted 00:35:26 (11517 turns).

siradein the Basher (Gargoyle Fighter)             Turns: 11517, Time: 00:35:26

Health: -9/59      AC: 19    Str: 22    XL:     10   Next: 83%
Magic:  10/10      EV: 12    Int:  9    God:    Gozag
Gold:   1253       SH: 10    Dex: 16    Spells: 9/9 levels left

rFire   . . .      SeeInvis .   m - +2 whip (venom)
rCold   + . .      Faith    .   E - +0 kite shield
rNeg    + . .      Spirit   .   A - +2 ring mail {rC+}
rPois   ∞          Reflect  .   (no helmet)
rElec   +          Harm     .   (no cloak)
rCorr   .          Rampage  .   (no gloves)
Will    .....                   (no boots)
Stlth   +.........              w - amulet of regeneration
HPRegen 1.19/turn               F - +6 ring of dexterity
MPRegen 0.12/turn               x - +4 ring of evasion

@: mighty
A: sickness immunity, AC +7, negative energy resistance 1, electricity
resistance, torment resistance 1, petrification resistance, iridescent scales 2
a: Renounce Religion, Potion Petition, Call Merchant, Bribe Branch


You were on level 10 of the Dungeon.
You worshipped Gozag.
Gozag was most pleased with you.
You visited 2 branches of the dungeon, and saw 12 of its levels.

You collected 1306 gold pieces.
You paid 53 gold pieces to Gozag.

Inventory:

Hand Weapons
 m - a +2 whip of venom (weapon)
 s - a +1 whip of freezing
 t - a +4 flail of holy wrath
 L - a +3 morningstar
Missiles
 J - 2 throwing nets
 K - a curare-tipped dart
 N - 6 atropa-tipped darts
 P - 6 poisoned darts (quivered)
Armour
 A - a +2 ring mail of cold resistance (worn)
 E - a +0 kite shield (worn)
Jewellery
 b - a +6 ring of strength
 o - a +6 ring of intelligence
 v - an amulet of the acrobat
 w - an amulet of regeneration (around neck)
 x - a +4 ring of evasion (right hand)
 z - a ring of willpower
 F - a +6 ring of dexterity (left hand)
 H - a ring of protection from cold
Wands
 C - a wand of flame (11)
 G - a wand of iceblast (7)
Scrolls
 a - a scroll of brand weapon {unknown}
 c - a scroll of torment {unknown}
 e - a scroll of identify
 f - 2 scrolls of magic mapping {unknown}
 i - a scroll of holy word {unknown}
 j - a scroll of fear {unknown}
 k - 3 scrolls of summoning
 n - 8 scrolls of teleportation {unknown}
 y - a scroll of silence {unknown}
 D - a scroll of enchant weapon {unknown}
 M - a scroll of enchant armour {unknown}
 O - a scroll of blinking {unknown}
Potions
 d - a potion of might
 g - 2 potions of brilliance
 h - a potion of heal wounds {unknown}
 l - 7 potions of curing
 p - a potion of cancellation {unknown}
 q - a potion of degeneration {unknown}
 r - a potion of lignification {unknown}
 B - a potion of berserk rage {unknown}
 I - a potion of flight {unknown}


   Skills:
 + Level 5.0 Fighting
 + Level 13.8 Maces & Flails
 + Level 5.0 Armour
 + Level 5.1 Shields
 + Level 2.9 Evocations


You had 9 spell levels left.
You didn't know any spells.
Your spell library contained the following spells:

 Spells                   Type           Power      Damage    Failure   Level
 Animate Skeleton         Necr           0%         N/A       92%         1
 Apportation              Tloc           0%         N/A       92%         1
 Sting                    Tmut/Pois      0%         1d3       92%         1
 Summon Small Mammal      Summ           0%         N/A       92%         1
 Poisonous Vapours        Pois/Air       0%         N/A       98%         2
 Slow                     Hex            0%         N/A       98%         2
 Static Discharge         Conj/Air       0%         N/A       98%         2
 Confusing Touch          Hex            0%         N/A       100%        3
 Gell's Gravitas          Tloc           0%         N/A       100%        3
 Lesser Beckoning         Tloc           0%         N/A       100%        3
 Teleport Other           Tloc           0%         N/A       100%        3
 Vampiric Draining        Necr           0%         2d6       100%        3
 Fulminant Prism          Conj/Hex       0%         3d6       100%        4
 Hailstorm                Conj/Ice       0%         3d3       100%        4
 Ice Form                 Ice/Tmut       0%         N/A       100%        4
 Iskenderun's Mystic Bla  Conj/Tloc      0%         2d3       100%        4
 Leda's Liquefaction      Hex/Erth       0%         N/A       100%        4
 Olgreb's Toxic Radiance  Pois           0%         N/A       100%        4
 Lee's Rapid Deconstruct  Erth           0%         3d5*      100%        5
 Lightning Bolt           Conj/Air       0%         1d11      100%        5
 Simulacrum               Ice/Necr       0%         N/A       100%        6
 Maxwell's Capacitive Co  Air            0%         ∞         100%        8
 Statue Form              Tmut/Erth      Unusable   N/A       N/A         6

Dungeon Overview and Level Annotations

Branches:
Dungeon (11/15)            Temple (1/1) D:4
   Lair: D:8-11         Orc: D:9-12

Altars:
Ashenzari
Cheibriados
Dithmenos
Elyvilon
Fedhas
Gozag
Hepliaklqana
Kikubaaqudgha
Makhleb
Nemelex Xobeh
Okawaru
Qazlal
Ru
Sif Muna
Trog
Vehumet
Wu Jian
Xom
Yredelemnul
Zin
The Shining One

Shops:
D:4 :

Annotations:
D:10 Snorg
D:11 Gastronok


Innate Abilities, Weirdness & Mutations

You are immune to sickness and miasma.
Your stone body is resilient. (AC +7)
You are immune to poison.
You resist negative energy. (rN+)
You are resistant to electric shocks. (rElec)
You are resistant to unholy torment.
You are immune to petrification.
You are mostly covered in iridescent scales. (AC +4)


Message History

A troll comes into view.
There are monsters nearby!
There are monsters nearby!
There are monsters nearby!
There are monsters nearby!
Your +4 flail of holy wrath stops glowing.
Your +2 whip of venom begins to drip with poison!
m - a +2 whip of venom (weapon)
The troll shouts!
You see here a +0 short sword.
You feel very mighty all of a sudden.
Snorg goes berserk!
You whack the troll!
The troll looks as sick as possible!
The troll is moderately wounded.
You closely miss the troll.
The troll is moderately wounded.
You whack Snorg!
Snorg is poisoned.
Snorg is lightly wounded.
You whack Snorg!
Snorg looks as sick as possible!
Snorg is moderately wounded.
Snorg completely misses you. Snorg claws you!
Snorg claws you but does no damage.
You whack Snorg!
Snorg looks as sick as possible!
Snorg is moderately wounded.
Snorg bites you! You block Snorg's attack. Snorg closely misses you.
You whack Snorg!
Snorg is moderately wounded.
Snorg barely misses you. Snorg closely misses you.
Snorg claws you but does no damage.
You closely miss Snorg.
Snorg is heavily wounded.
Snorg bites you!!
* * * LOW HITPOINT WARNING * * *
Snorg claws you but does no damage. You block Snorg's attack.
You are too injured to fight recklessly!
You block Snorg's attack. Snorg claws you!
* * * LOW HITPOINT WARNING * * *
Snorg claws you!
You die...
Your body crumbles into a pile of gold.

#.....................###?.###
##..........8...⌠.....#......#
......................#.......
#..).....###.8...)...8........?
###.............).....##...)...
###...#####8.8)..8.8# .......
##.##########T...## .......
#........###)#### .......
..........@T.# T......
#.............## ?T.....
##._.....b.....# .......
..............#
##..............#
###..#.....b......#
#....#............#
#.............##
#..>...)......#


You could see Snorg (berserk, extremely poisoned).

Vanquished Creatures
  Harold (D:9)
  Pikel (D:5)
  A manticore (D:7)
  Joseph (D:9)
  2 hornets (D:8)
  A troll (D:8)
  2 steam dragons
  Edmund (D:4)
  Menkaure (D:4)
  An acid dragon (D:7)
  5 orc warriors
  A sky beast (D:7)
  2 centaurs
  A necrophage (D:7)
  2 kobold brigands
  2 bullfrogs
  3 scorpions
  2 wyvern zombies
  3 wights (D:9)
  A lava snake (D:7)
  2 bullfrog zombies
  2 centaur zombies
  3 jellies
  8 orc priests
  2 hounds
  An iguana (D:5)
  20 orc wizards
  A scorpion zombie (D:5)
  A howler monkey zombie (D:8)
  8 gnolls
  A howler monkey skeleton (D:6)
  5 adders
  5 white imps
  An adder skeleton (D:4)
  A worm (D:3)
  2 dart slugs (D:1)
  27 orcs
  6 bats
  8 endoplasms
  2 giant cockroaches
  3 goblins
  12 hobgoblins
  2 jackals (D:1)
  19 kobolds
  A quokka (D:1)
  6 ball pythons
  5 frilled lizards
  5 rats
193 creatures vanquished.

Vanquished Creatures (others)
  3 plants (D:2)
  6 withered plants (D:2)
9 creatures vanquished.

Grand Total: 202 creatures vanquished

Notes
Turn   | Place    | Note
-------+----------+-------------------------------------------
     0 | D:1      | siradein the Gargoyle Fighter began the quest for the Orb.
     0 | D:1      | Reached XP level 1. HP: 14/14 MP: 1/1
    34 | D:1      | Reached XP level 2. HP: 14/19 MP: 2/2
   281 | D:1      | You fall into a shaft and drop 1 floor!
   313 | D:1      | Reached skill level 3 in Maces & Flails
   528 | D:1      | Reached XP level 3. HP: 18/23 MP: 3/3
  1227 | D:2      | Reached skill level 4 in Maces & Flails
  1231 | D:2      | Reached XP level 4. HP: 24/28 MP: 4/4
  1350 | D:2      | Found a faded altar of an unknown god.
  1368 | D:2      | Found Gobiwkase's Book Emporium.
  2904 | D:3      | Reached skill level 5 in Maces & Flails
  2904 | D:3      | Reached XP level 5. HP: 31/32 MP: 5/5
  3882 | D:3      | Found a burning altar of Makhleb.
  4198 | D:4      | Found Utetzal's Book Emporium.
  4299 | D:4      | Noticed Menkaure
  4611 | D:4      | Killed Menkaure
  4612 | D:4      | Reached skill level 6 in Maces & Flails
  4612 | D:4      | Reached XP level 6. HP: 30/37 MP: 6/6
  4893 | D:4      | Found a staircase to the Ecumenical Temple.
  4921 | D:4      | Reached skill level 7 in Maces & Flails
  4931 | Temple   | Entered the Ecumenical Temple
  4974 | Temple   | Became a worshipper of Gozag Ym Sagoz the Greedy
  5349 | D:4      | Noticed Edmund
  5410 | D:4      | Killed Edmund
  5411 | D:4      | Reached XP level 7. HP: 13/41 MP: 7/7
  6017 | D:5      | Entered Level 5 of the Dungeon
  6035 | D:5      | Reached skill level 8 in Maces & Flails
  6305 | D:5      | Noticed Pikel
  6333 | D:5      | Killed Pikel
  6334 | D:5      | Reached skill level 9 in Maces & Flails
  6334 | D:5      | Reached XP level 8. HP: 45/46 MP: 8/8
  6347 | D:5      | Reached skill level 10 in Maces & Flails
  7494 | D:6      | Reached skill level 11 in Maces & Flails
  7494 | D:6      | Reached XP level 9. HP: 46/51 MP: 9/9
  7804 | D:6      | Found a stormy altar of Qazlal.
  7908 | D:6      | Found a sparkling altar of Nemelex Xobeh.
  8411 | D:7      | Reached skill level 12 in Maces & Flails
  8467 | D:7      | Noticed a four-headed hydra
  9248 | D:8      | Found a broken altar of Ashenzari.
  9435 | D:8      | Reached skill level 13 in Maces & Flails
  9656 | D:8      | Noticed a manticore
  9710 | D:7      | Killed a manticore
  9711 | D:7      | Reached XP level 10. HP: 36/56 MP: 10/10
 10273 | D:7      | Reached skill level 1 in Evocations
 10488 | D:9      | Noticed Joseph
 10555 | D:9      | Killed Joseph
 10905 | D:9      | Noticed Harold
 10955 | D:9      | Killed Harold
 11156 | D:9      | Found a white marble altar of Elyvilon.
 11164 | D:9      | Found a glowing silver altar of Zin.
 11180 | D:9      | Found a shimmering blue altar of Sif Muna.
 11196 | D:9      | Found a snail-covered altar of Cheibriados.
 11347 | D:9      | You fall into a shaft and drop 2 floors!
 11348 | D:11     | Noticed Gastronok
 11351 | D:10     | Entered Level 10 of the Dungeon
 11351 | D:10     | Found a shimmering altar of Xom.
 11356 | D:11     | Noticed a cyclops
 11376 | D:10     | Reached skill level 5 in Shields
 11381 | D:10     | Reached skill level 5 in Fighting
 11381 | D:10     | Reached skill level 5 in Armour
 11485 | D:10     | Gained mutation: You are dopey. (Int -2) [potion of
                  | mutation]
 11486 | D:10     | Lost mutation: You are dopey. (Int -2) [potion of mutation]
 11486 | D:10     | Gained mutation: You are partially covered in iridescent
                  | scales. (AC +2) [potion of mutation]
 11486 | D:10     | Gained mutation: You are mostly covered in iridescent
                  | scales. (AC +4) [potion of mutation]
 11496 | D:10     | Noticed Snorg
 11517 | D:10     | Mangled by Snorg

Illustrated notes

Levels and vault maps discovered:
D:1:      tarquinn_simple_flora_water_e, layout_loops_ring, minmay_liquid_box,
          minivault_27, patterned_corridor
D:2:      layout_basic, shapermc_ecumenical_altar_flowoftime, serial_shops,
          shop, serial_park_tiny_2
D:3:      layout_loops_ring, general_overflow_altar, chequers_mini_garden
D:4:      layout_cave_pools, minmay_temple_entry_ruins, serial_shops,
          nicolae_stop_n_shop_1, st_stairs_12, nrook_loot_triangle,
          uniq_menkaure, uniq_edmund
D:5:      layout_rooms, uniq_pikel
D:6:      layout_rooms, nicolae_qazlal_eye_of_the_storm, nemelex_altar_shiori,
          kennysheep_generic_room_14
D:7:      layout_basic, kennysheep_cluttered_room
D:8:      layout_basic, mainiacjoe_overflow_chevrons
D:9:      layout_irregular_city, nicolae_overflow_quartered_altars,
          lemuel_tele_altar, minmay_misc_feat_rows, uniq_joseph, uniq_harold
D:10:     layout_cave_pods, xom_butterflies, serial_column_ruins,
          column_ruins_square_large, column_ruins_hut_water,
          column_ruins_columns_straight, column_ruins_open_small,
          column_ruins_open_tiny, uniq_snorg
D:11:     layout_basic, minmay_lair_entry_grove, hangedman_parallel_progression,
          uniq_gastronok
Temple:   minmay_temple_forest_path

Skill      XL: |  1  2  3  4  5  6  7  8  9 10 |
---------------+-------------------------------+-----
Maces & Flails | 3 4 5 6 7 9 11 13 | 13.8
Evocations     | 2 |  2.9
Fighting       | 5 |  5.0
Armour         | 5 |  5.0
Shields        | 5 |  5.1

Action                   |  1- 3 |  4- 6 |  7- 9 | 10-12 || total
-------------------------+-------+-------+-------+-------++-------
Melee: Flail             |    93 |   107 |    26 |    38 ||   264
       Whip              |       |    90 |   351 |   120 ||   561
Throw: Dart              |       |       |       |     1 ||     1
  Use: Scroll            |       |     2 |       |     3 ||     5
       Potion            |       |       |       |     3 ||     3
Armor: Scale mail        |    47 |    59 |       |       ||   106
       Chain mail        |       |    15 |    87 |       ||   102
       Ring mail         |       |       |    52 |    36 ||    88
Dodge: Dodged            |    36 |    68 |   111 |    55 ||   270
Block: Buckler           |    17 |    25 |    40 |       ||    82
       Kite shield       |       |       |       |    65 ||    65

Table legend: (Time is in decaauts)
 A = Elapsed time spent in this place.
 B = Non-inter-level travel time spent in this place.
 C = Inter-level travel time spent in this place.
 D = Time resting spent in this place.
 E = Time spent auto-exploring this place.
 F = Levels seen in this place.
 G = Mean time per level.
                   A        B        C        D        E       F      G
               +--------+--------+--------+--------+--------+-----+--------+
         Total |  11376 |  11204 |    172 |   1752 |   6328 |  12 |  948.0 |
       Dungeon |  10966 |  10833 |    133 |   1752 |   5975 |  11 |  996.9 |
        Temple |    409 |    370 |     39 |      0 |    353 |   1 |  409.0 |
               +--------+--------+--------+--------+--------+-----+--------+

Top non-repeatable levels by time:
     D:2: 1978 daAuts
     D:3: 1597 daAuts
     D:5: 1239 daAuts
     D:8: 1128 daAuts
     D:1: 1119 daAuts
     D:7: 1063 daAuts
     D:6: 1050 daAuts
     D:4: 1043 daAuts
     D:9: 581 daAuts
  Temple: 409 daAuts
    D:10: 156 daAuts
    D:11: 8 daAuts
